 Dungeon Crawl Stone Soup version 0.27-a0-328-g7f782ed93a (webtiles) character file.

Game seed: 4029850314318291522

121 mandarbmax the Digger (level 5, -4/35 HPs)
             Began as a Formicid Earth Elementalist on Feb 12, 2021.
             Slain by a gnoll
             ... wielding a +0 spear
              (9 damage)
             ... on level 3 of the Dungeon.
             The game lasted 00:05:18 (2879 turns).

mandarbmax the Digger (Formicid Earth Elementalist) Turns: 2879, Time: 00:05:19

Health: -4/35      AC:  2    Str: 12    XL:     5   Next: 26%
Magic:  2/8        EV: 12    Int: 16    God:
Gold:   74         SH:  0    Dex: 11    Spells: 4/8 levels left

rFire    . . .     SeeInvis +   j - +0 spear (venom)
rCold    . . .     Faith    .   (no shield)
rNeg     . . .     Spirit   .   c - +0 robe
rPois    .         Reflect  .   (helmet unavailable)
rElec    .         Harm     .   (no cloak)
rCorr    .         Rampage  .   (no gloves)
Will     .....                  (no boots)
Stlth    ++........             (no amulet)
HPRegen  0.11/turn              (no ring)
MPRegen  0.11/turn              (no ring)

@: no status effects
A: permanent stasis, dig shafts and tunnels, four strong arms, antennae 3
a: Dig, Shaft Self


You were on level 3 of the Dungeon.
You visited 1 branch of the dungeon, and saw 3 of its levels.

You collected 74 gold pieces.

Inventory:

Hand Weapons
 j - a +0 spear of venom (weapon)
Missiles
 b - 61 stones
Armour
 c - a +0 robe (worn)
Scrolls
 d - 4 scrolls of identify {unknown}
 e - a scroll of magic mapping {unknown}
 g - a scroll of immolation {unknown}
 h - a scroll of enchant weapon {unknown}
Potions
 a - a potion of ambrosia {unknown}
 f - a potion of might {unknown}
 i - a potion of curing


   Skills:
 - Level 2.0 Dodging
 - Level 2.4 Stealth
 - Level 2.1 Spellcasting
 - Level 1.1 Transmutations
 + Level 6.6 Earth Magic


You had 4 spell levels left.
You knew the following spells:

 Your Spells              Type           Power        Failure   Level
a - Sandblast             Erth           46%          1%          1
b - Stone Arrow           Conj/Erth      24%          16%         3

Your spell library contained the following spells:

 Spells                   Type           Power        Failure   Level
 Passwall                 Tmut/Erth      11%          6%          2
 Petrify                  Tmut/Erth      14%          38%         4
 Confusing Touch          Hex            1%           52%         3
 Gell's Gravitas          Tloc           0%           52%         3
 Lee's Rapid Deconstruct  Erth           11%          36%         5
 Metabolic Englaciation   Hex/Ice        0%           99%         5
 Yara's Violent Unravell  Hex/Tmut       1%           99%         5


Dungeon Overview and Level Annotations

Branches:
Dungeon (3/15)

Altars:


Innate Abilities, Weirdness & Mutations

You cannot be hasted, slowed, berserked, paralysed or teleported.
You can dig through walls and to a lower floor.
Your four strong arms can wield two-handed weapons with a shield.
You have a pair of large antennae on your head. (SInv)


Message History

2 gnolls come into view.
The gnoll shouts!
You hear a shout!
The gnoll shouts!
An adder comes into view.
The adder hisses angrily.
A gnoll comes into view. It is wielding a +0 spear.
The blast of sand hits the gnoll.
The gnoll is lightly wounded.
A gnoll comes into view. It is wielding a +0 halberd.
The blast of sand hits the gnoll!
The gnoll is almost dead.
The gnoll shouts!
You hit the adder.
The adder is poisoned.
The adder is lightly wounded.
The adder barely misses you. The adder closely misses you.
The blast of sand hits the adder!
You kill the adder!
The gnoll barely misses you.
The blast of sand misses the gnoll.
The gnoll hits you.
The gnoll hits you from afar with a +0 halberd!
The gnoll hits you but does no damage.
The blast of sand hits the gnoll!
The gnoll is severely wounded.
The gnoll closely misses you.
The blast of sand hits the gnoll!
You kill the gnoll!
The blast of sand hits the gnoll!
The gnoll is severely wounded.
The gnoll hits you!
The gnoll hits you from afar with a +0 spear.
* * * LOW HITPOINT WARNING * * *
You are too injured to fight recklessly!
Aiming: Sandblast (safe; 1% risk of failure)
Press: ? - help, Q - select action, (/) - cycle Shift-Dir - straight line, f/p - gnoll
Aim: a gnoll (severely wounded, 17% to evade)
The blast of sand hits the gnoll.
The gnoll is almost dead.
The gnoll hits you.
* * * LOW HITPOINT WARNING * * *
The gnoll hits you from afar with a +0 spear!
You die...

###.####.### .. #.#
###......... ..# #.#
#........... .. #.#
###..###.### #.## #.#
#..###.## #g ..# #.#
#.......#
#.##.###.######.......#
#...................#.#
#.g##@####'##.#### #
##g##g# #......# #g##g#
#......# #..#g#
#......# ##.#.#
#####<######## #...#
##........
##..########^......>
#..................
#.>................


You could see 3 gnolls.

Vanquished Creatures
  4 gnolls
  An adder (D:3)
  3 dart slugs
  A worm (D:2)
  A leopard gecko (D:1)
  4 orcs (D:3)
  2 giant cockroaches
  6 goblins
  9 hobgoblins
  3 jackals (D:1)
  2 ball pythons
  7 bats
  5 frilled lizards
  3 kobolds (D:2)
  12 rats
63 creatures vanquished.

Notes
Turn   | Place    | Note
-------+----------+-------------------------------------------
     0 | D:1      | mandarbmax the Formicid Earth Elementalist began the quest
                  | for the Orb.
     0 | D:1      | Reached XP level 1. HP: 13/13 MP: 3/3
   114 | D:1      | Reached skill level 4 in Earth Magic
   354 | D:1      | Reached XP level 2. HP: 8/19 MP: 1/5
   909 | D:1      | Reached XP level 3. HP: 24/24 MP: 4/6
  1167 | D:1      | Reached skill level 5 in Earth Magic
  1811 | D:2      | Reached XP level 4. HP: 30/30 MP: 4/7
  2344 | D:2      | Reached skill level 6 in Earth Magic
  2388 | D:2      | Learned a level 3 spell: Stone Arrow
  2679 | D:3      | Reached XP level 5. HP: 23/35 MP: 1/8
  2879 | D:3      | Slain by a gnoll

Illustrated notes

Levels and vault maps discovered:
D:1:      minmay_arrival_glassed_features, layout_loops_corners,
          kennysheep_nondescript
D:2:      layout_loops_cross
D:3:      layout_basic

Skill      XL: |  1  2  3  4 |
---------------+-------------+-----
Dodging        | 2 |  2.0
Earth Magic    | 4 5 6 |  6.6
Stealth        | |  2.4
Spellcasting   | |  2.1
Transmutations | |  1.1

Action                   |  1- 3 |  4- 6 || total
-------------------------+-------+-------++-------
Melee: Unarmed           |     4 |       ||     4
       Dagger            |     7 |     2 ||     9
       Spear             |       |     7 ||     7
 Cast: Sandblast         |    45 |    44 ||    89
Armor: Robe              |     1 |     4 ||     5
Dodge: Dodged            |    11 |    17 ||    28

Table legend: (Time is in decaauts)
 A = Elapsed time spent in this place.
 B = Non-inter-level travel time spent in this place.
 C = Inter-level travel time spent in this place.
 D = Time resting spent in this place.
 E = Time spent auto-exploring this place.
 F = Levels seen in this place.
 G = Mean time per level.
                   A        B        C        D        E       F      G
               +--------+--------+--------+--------+--------+-----+--------+
         Total |   2878 |   2836 |     42 |    535 |   1971 |   3 |  959.3 |
       Dungeon |   2878 |   2836 |     42 |    535 |   1971 |   3 |  959.3 |
               +--------+--------+--------+--------+--------+-----+--------+

Top non-repeatable levels by time:
     D:1: 1652 daAuts
     D:2: 1003 daAuts
     D:3: 222 daAuts
